 Dungeon Crawl Stone Soup version 0.29.1-1-gd02db6906a (webtiles) character file.

Game seed: 7813809485346762685

152 H0rd4k the Insei (level 5, -1/34 HPs)
             Began as an Octopode Transmuter on Oct 20, 2022.
             Slain by a ball python (2 damage)
             ... in a sewer.
             The game lasted 00:02:54 (4921 turns).

H0rd4k the Insei (Octopode Transmuter)              Turns: 4921, Time: 00:02:56

Health: -1/34      AC:  1    Str: 13    XL:     5   Next: 34%
Magic:  8/8        EV: 10    Int: 18    God:
Gold:   137        SH:  0    Dex: 12    Spells: 7/8 levels left

rFire   + . .      SeeInvis .     - Unarmed
rCold   . . .      Faith    .   (no shield)
rNeg    . . .      Spirit   .   (helmet restricted)
rPois   .          Reflect  .   (no amulet)
rElec   .          Harm     .   n - ring "Goracw" {rF+ Will+ Str+4}
rCorr   .          Rampage  .   o - ring of willpower
Will    ++...                   (no ring)
Stlth   ++........              (no ring)
HPRegen 0.11/turn               (no ring)
MPRegen 0.11/turn               (no ring)
                                (no ring)
                                (no ring)

@: lethally poisoned (-1 -> -7), attractive, constricted
A: almost no armour, amphibious, 8 rings, camouflage 1, gelatinous body 1,
(nimble swimmer 1), tentacles
a: no special abilities


You were in a sewer.
You visited 1 branch of the dungeon, and saw 4 of its levels.
You also visited: Sewer.

You collected 137 gold pieces.

Inventory:

Jewellery
 n - the ring "Goracw" (left tentacle) {rF+ Will+ Str+4}
   (You found it on level 4 of the Dungeon)

   [ring of willpower]

   Str:       It affects your strength (+4).
   rF:        It protects you from fire.
   Will:      It increases your willpower.
 o - a ring of willpower (right tentacle)
Wands
 h - a wand of flame (13)
Scrolls
 b - 4 scrolls of poison {unknown}
 c - 5 scrolls of identify {unknown}
 d - a scroll of brand weapon {unknown}
 e - a scroll of vulnerability {unknown}
 f - a scroll of enchant armour {unknown}
 g - a scroll of teleportation {unknown}
 j - a scroll of fear {unknown}
 k - a scroll of blinking {unknown}
Potions
 a - a potion of lignification
 i - a potion of attraction
 l - a potion of heal wounds {unknown}
 m - a potion of haste {unknown}


   Skills:
 + Level 1.6 Fighting
 + Level 2.9 Dodging
 + Level 4.7 Unarmed Combat
 + Level 2.3 Spellcasting
 + Level 2.4 Transmutations


You had 7 spell levels left.
You knew the following spells:

 Your Spells              Type           Power      Damage    Failure   Level
a - Beastly Appendage     Tmut           20%        N/A       6%          1

Your spell library contained the following spells:

 Spells                   Type           Power      Damage    Failure   Level
 Wereblood                Tmut           10%        N/A       10%         2
 Magic Dart               Conj           8%         1d3       17%         1
 Blink                    Tloc           4%         N/A       26%         2
 Searing Ray              Conj           4%         2d4       26%         2
 Spider Form              Tmut/Pois      6%         N/A       32%         3
 Lesser Beckoning         Tloc           2%         N/A       45%         3
 Ice Form                 Ice/Tmut       6%         N/A       71%         4
 Fulminant Prism          Conj/Hex       1%         3d6       86%         4
 Manifold Assault         Tloc           2%         N/A       99%         5


Dungeon Overview and Level Annotations

Branches:
Dungeon (4/15)              Sewer (1/1)
 Temple: D:4-7

Altars:
Okawaru
Xom

Shops:
D:2 :

Annotations:
D:3 exclusion: downstairs


Innate Abilities, Weirdness & Mutations

You cannot wear most types of armour.
You are amphibious.
You can wear up to eight rings at the same time.
Your skin changes colour to match your surroundings (Stealth+).
Your rubbery body absorbs attacks. (AC +1, EV +1)
((You are camouflaged when in or above water. (Stealth+)))
You have tentacles for arms and can constrict up to eight enemies at once.


Message History

The ball python barely misses you. The ball python misses you.
You tentacle-slap the adder. Your grab misses the adder. You squeeze the adder.
The adder is heavily wounded.
The adder bites you. The ball python closely misses you.
The ball python barely misses you. The ball python misses you.
The ball python barely misses you. The adder bites you.
You barely miss the adder. Your grab misses the adder.
The adder is heavily wounded.
The ball python closely misses you. The ball python grabs you.
The ball python constricts you. The ball python bites you. The adder bites you.
You are poisoned.
The adder poisons you!
You closely miss the adder. Your grab misses the adder.
The adder is heavily wounded.
You feel sick.
The ball python bites you. x2; The ball python constricts you.
The adder closely misses you.
You tentacle-slap the adder. Your grab misses the adder.
The adder is almost dead.
You feel sick. The ball python bites you. The ball python constricts you.
The ball python bites you but does no damage.
The adder bites you.
* * * LOW HITPOINT WARNING * * *
You are more poisoned.
The adder poisons you!
You closely miss the adder. Your grab misses the adder.
The adder is almost dead.
* * * LOW HITPOINT WARNING * * *
You feel sick. The ball python bites you.
* * * LOW HITPOINT WARNING * * *
The ball python barely misses you. The ball python constricts you.
* * * LOW HITPOINT WARNING * * *
The adder bites you.
* * * LOW HITPOINT WARNING * * *
It was a potion of attraction.
You feel attractive to monsters.
* * * LOW HITPOINT WARNING * * *
You feel sick. The ball python bites you.
* * * LOW HITPOINT WARNING * * *
The ball python bites you.
You die...

#≈≈ ##.## #≈≈≈ ....#
#≈≈≈##~... #≈≈≈#~...
#≈≈≈#~.. #≈≈≈~br#
#≈≈~SSS# #≈≈..@#
#≈≈~..# #≈≈~~## ≈
#≈≈≈.###############≈≈
#≈≈≈~~.~.~~..~..~.~~~.
#≈≈≈≈≈≈≈≈≈≈≈≈≈~~≈≈≈≈≈≈
#≈≈~~~~~.~~~~†~†~~~~~≈
#≈≈~###~≈~####~~####~
#≈≈~# #~≈~# #~.#


You could see an adder, a river rat, a bat and 2 ball pythons.

Vanquished Creatures
  4 adders
  3 river rats
  A worm (Sewer)
  3 orcs (D:4)
  8 ball pythons
  4 endoplasms
  2 giant cockroaches (D:1)
  7 hobgoblins
  3 jackals (D:3)
  7 kobolds
  6 quokkas
  7 bats
  4 frilled lizards
  13 goblins
  6 rats
78 creatures vanquished.

Vanquished Creatures (others)
  2 hounds (D:4)
  An adder (D:4)
  An orc (D:4)
4 creatures vanquished.

Grand Total: 82 creatures vanquished

Notes
Turn   | Place    | Note
-------+----------+-------------------------------------------
     0 | D:1      | H0rd4k the Octopode Transmuter began the quest for the Orb.
     0 | D:1      | Reached XP level 1. HP: 13/13 MP: 3/3
   354 | D:1      | Reached XP level 2. HP: 18/18 MP: 5/5
   445 | D:1      | Found a faded altar of an unknown god.
  1088 | D:1      | Reached XP level 3. HP: 19/23 MP: 6/6
  1737 | D:2      | Found Ybruat's Book Shoppe.
  2454 | D:2      | Reached skill level 4 in Unarmed Combat
  2454 | D:2      | Reached XP level 4. HP: 22/28 MP: 7/7
  3766 | D:3      | Found an iron altar of Okawaru.
  4391 | D:4      | Noticed an ogre
  4392 | D:4      | Noticed an ogre
  4393 | D:4      | Found a shimmering altar of Xom.
  4393 | D:4      | Noticed an ogre
  4467 | D:4      | Identified the ring "Goracw" {rF+ Will+ Str+4}
  4540 | D:4      | Reached XP level 5. HP: 30/33 MP: 6/8
  4569 | D:4      | Identified the +4 scale mail "Hedghidot" {Harm rC+ Will-
                  | Str+4 SInv}
  4578 | D:4      | Found a glowing drain.
  4582 | Sewer    | Entered a sewer
  4921 | Sewer    | HP: 1/34 [ball python (3)]
  4921 | Sewer    | Slain by a ball python

Illustrated notes

Levels and vault maps discovered:
D:1:      saegor_arrival_miasma, layout_basic,
          hellmonk_ecumenical_altar_zigzags, chequers_serial_rivers_micro_d
D:2:      layout_basic, serial_shops, nicolae_shop_waterfront, minmay_between
D:3:      layout_basic, mainiacjoe_overflow_boulevard
D:4:      layout_basic, xom_confusion_cloud, gup_sewer_entry_bowl
Sewer:    sewer_fruit_machine

Skill      XL: |  1  2  3 |
---------------+----------+-----
Unarmed Combat | 4 |  4.7
Fighting       | |  1.6
Dodging        | |  2.9
Spellcasting   | |  2.3
Transmutations | |  2.4

Action                   |  1- 3 |  4- 6 || total
-------------------------+-------+-------++-------
Melee: Unarmed           |    90 |    78 ||   168
       Constrict         |    22 |    18 ||    40
       Tentacles         |    13 |    17 ||    30
       Punch             |     3 |     5 ||     8
       Kick              |       |     8 ||     8
 Cast: Beastly Appendage |       |     4 ||     4
  Use: Potion            |       |     1 ||     1
 Stab: Sleeping          |     2 |     7 ||     9
       Distracted        |     1 |       ||     1
Armor: Skin              |     7 |     6 ||    13
Dodge: Dodged            |    46 |    56 ||   102
